 Dungeon Crawl Stone Soup version 0.24.0-13-gcf9b319 (webtiles) character file.

Game seed: 10623142983897776297, levelgen mode: deterministic

212 Bronimir the Firebug (level 5, -2/28 HPs)
             Began as a Deep Elf Fire Elementalist on Mar 21, 2020.
             Killed from afar by Terence (8 damage)
             ... with a puff of flame
             ... on level 3 of the Dungeon.
             The game lasted 00:08:39 (3780 turns).

Bronimir the Firebug (Deep Elf Fire Elementalist)   Turns: 3780, Time: 00:08:39

Health: -2/28      AC:  2    Str:  5    XL:     5   Next: 58%
Magic:  7/13       EV: 13    Int: 21    God:
Gold:   175        SH:  0    Dex: 15    Spells: 2/12 levels left

rFire    . . .     SeeInvis .   a - +1 quarterstaff
rCold    + . .     Gourm    .   (shield currently unavailable)
rNeg     . . .     Faith    .   h - +0 robe
rPois    .         Spirit   .   (no helmet)
rElec    .         Reflect  .   (no cloak)
rCorr    +         Harm     .   (no gloves)
MR       .....                  (no boots)
Stlth    ++........             y - amulet of regeneration
HPRegen  0.49/turn              b - ring of protection from cold
MPRegen  0.13/turn              w - ring of resist corrosion

@: no status effects
A: no striking features
a: no special abilities


You were on level 3 of the Dungeon.
You were not hungry.

You visited 1 branch of the dungeon, and saw 3 of its levels.

You collected 175 gold pieces.

Inventory:

Hand Weapons
 a - a +1 quarterstaff (weapon)
 o - a +0 dagger
Missiles
 e - 62 stones
 g - 36 arrows
 p - 15 poisoned darts (quivered)
 u - 4 javelins
Armour
 h - a +0 robe (worn)
Jewellery
 b - a ring of protection from cold (left hand)
 q - an uncursed ring of protection from cold
 w - a ring of resist corrosion (right hand)
 y - an amulet of regeneration (around neck)
Wands
 s - a wand of polymorph (6)
Scrolls
 d - 4 scrolls of identify
 f - 2 scrolls of enchant weapon
 i - a scroll of remove curse
 k - 2 scrolls of teleportation
 m - a scroll of blinking
Potions
 j - 2 potions of curing {unknown}
 l - a potion of ambrosia {unknown}
 x - a potion of brilliance {unknown}
Comestibles
 c - 4 rations
 v - 5 chunks of flesh


   Skills:
 * Level 3.3 Dodging
 - Level 2.5 Stealth
 + Level 4.4 Spellcasting
 * Level 3.1 Conjurations
 * Level 5.1 Fire Magic


You had 2 spell levels left.
You knew the following spells:

 Your Spells              Type           Power        Failure   Level  Hunger
a - Flame Tongue          Conj/Fire      ###..        1%          1    None
b - Throw Flame           Conj/Fire      ###...       3%          2    #......
c - Conjure Flame         Conj/Fire      ###.....     6%          3    ##.....
d - Sticky Flame          Conj/Fire      ###.....     21%         4    ####...

Your spell library contained the following spells:

 Spells                   Type           Power        Failure   Level  Hunger
 Inner Flame              Hex/Fire       ###.....     12%         3    ##.....
 Fireball                 Conj/Fire      ###.......   50%         5    ######.


Dungeon Overview and Level Annotations

Branches:
Dungeon (3/15)

Altars:

Annotations:
D:3 Terence


Message History

A stone appears from out of thin air!
The stone hits you.
You hear a zap.
A puff of flame appears from out of thin air!
The puff of flame hits you!
You miss something.
You hear a zap.
A puff of flame appears from out of thin air!
The puff of flame hits you!
* * * LOW HITPOINT WARNING * * *
Casting: Throw Flame (safe; 3% risk of failure)
Confirm with . or Enter, or press ? or * to list all spells.
Okay, then.
Casting: Throw Flame (safe; 3% risk of failure)
Confirm with . or Enter, or press ? or * to list all spells.
Aiming: Sticky Flame (slightly dangerous; 21% risk of failure)
Press: ? - help, Shift-Dir - straight line The sticky flame hits something but does no damage.
Terence is covered in liquid flames!
Terence burns!
Terence zaps a wand.
The puff of flame hits you!
You die...

.....#.....# #.#
##.≈≈#≈##≈
.....#####.##
#.###.##≈#.≈## .....
#.(# #.#........##
.... ##(##
#.#.####..## #..#
#.#.####+## ##.#
#.#.......# #.#
#.#.......####
#@####.#...........
#.@(##.#).......#..
#...##.#........#..
#...##.#........#..
#...##.##.....#.#..
##...##.##'#.....#..
#....##.#....#####..
#.....#.#.....#..'..
#.....#.#.....#.##..
#####...#.....#.##..


You could see Terence (burning).

Vanquished Creatures
  An orc wizard (D:3)
  Jessica (D:2)
  A gnoll (D:1)
  An adder (D:3)
  2 oozes (D:1)
  14 dart slugs
  3 orcs (D:3)
  6 bats
  4 giant cockroaches
  7 goblins
  8 hobgoblins
  7 jackals
  7 kobolds
  A quokka (D:2)
  3 frilled lizards
  6 rats
72 creatures vanquished.

Vanquished Creatures (others)
  An orc wizard (D:3)
  2 fungi (D:3)
3 creatures vanquished.

Grand Total: 75 creatures vanquished

Notes
Turn   | Place    | Note
-------+----------+-------------------------------------------
     0 | D:1      | Bronimir the Deep Elf Fire Elementalist began the quest for
                  | the Orb.
     0 | D:1      | Reached XP level 1. HP: 10/10 MP: 6/6
   155 | D:1      | Reached XP level 2. HP: 15/15 MP: 5/8
   282 | D:1      | Reached skill level 4 in Fire Magic
   301 | D:1      | Learned a level 2 spell: Throw Flame
   440 | D:1      | Reached XP level 3. HP: 19/19 MP: 0/9
   748 | D:1      | Learned a level 3 spell: Conjure Flame
  1547 | D:2      | Noticed Jessica
  1552 | D:2      | Killed Jessica
  1552 | D:2      | Reached XP level 4. HP: 10/24 MP: 3/11
  2326 | D:3      | HP: 1/24 [orc wizard/puff of frost (3)]
  2619 | D:3      | Reached XP level 5. HP: 28/28 MP: 10/13
  2932 | D:3      | Learned a level 4 spell: Sticky Flame
  3555 | D:3      | Reached skill level 5 in Fire Magic
  3761 | D:3      | Noticed Terence
  3780 | D:3      | Killed from afar by Terence

Levels and vault maps discovered:
D:1:      dpeg_arrival_tiny_d, layout_loops_ring, wad_floor_pattern_untrapped,
          chequers_serial_rivers_marsh
D:2:      layout_loops_ring, uniq_jessica
D:3:      kennysheep_slugbush, layout_basic, corexii_corridor_pit,
          nicolae_ru_the_path_less_chosen, uniq_crazy_yiuf_cottage, uniq_terence

Skill      XL: |  1  2  3  4  5 |
---------------+----------------+-----
Fire Magic     | 4 5 |  5.1
Dodging        | 3 |  3.3
Conjurations   | 2 3 |  3.1
Spellcasting   | 4 |  4.4
Stealth        | |  2.5

Action                   |  1- 3 |  4- 6 || total
-------------------------+-------+-------++-------
Melee: Unarmed           |     1 |       ||     1
       Quarterstaff      |       |     1 ||     1
 Cast: Flame Tongue      |    29 |    20 ||    49
       Throw Flame       |    29 |    45 ||    74
       Sticky Flame      |       |     1 ||     1
  Use: Potion            |       |     2 ||     2
       Scroll            |       |     8 ||     8
  Eat: Chunk             |     2 |     5 ||     7
       Ration            |       |     1 ||     1
Armor: Robe              |     1 |     2 ||     3
Dodge: Dodged            |     3 |     9 ||    12
